 Dungeon Crawl Stone Soup version 0.19.4-9-g45fd643 (webtiles) character file.

243 Kosschaser the Covert (level 5, -2/38 HPs)
             Began as a Vampire Assassin on Feb 16, 2017.
             Slain by an orc
             ... wielding a +0 hand axe
              (4 damage)
             ... on level 2 of the Dungeon.
             The game lasted 00:15:50 (5960 turns).

Kosschaser the Covert (Vampire Assassin)            Turns: 5960, Time: 00:15:50

Health: -2/38      AC:  4    Str: 10    XL:     5   Next: 82%
Magic:  5/5        EV: 13    Int: 14    God:
Gold:   161        SH:  0    Dex: 16    Spells: 0 memorised, 4 levels left

rFire  . . .     SeeInvis +     j - +1 dagger (freeze)
rCold  + + .     Gourm    .     c - +0 robe
rNeg   + + +     Faith    .     (no shield)
rPois  ∞         Spirit   .     p - +0 helmet
rElec  .         Reflect  .     d - +0 cloak
rCorr  .         Harm     .     (no gloves)
MR     .....                    (no boots)
Stlth  ++++......               k - amulet of inaccuracy (curse)
                                (no ring)
                                (no ring)

@: confused, bloodless, non-regenerating
A: claws 1, fangs 3, see invisible, unbreathing
a: Bat Form


You were on level 2 of the Dungeon.
You were bloodless.

You visited 1 branch of the dungeon, and saw 3 of its levels.

You collected 161 gold pieces.

Inventory:

Hand Weapons
 a - a +2 dagger
 b - a +0 blowgun
 j - a +1 dagger of freezing (weapon)
Missiles
 e - 32 poisoned needles
 f - 10 curare-tipped needles
Armour
 c - a +0 robe (worn)
 d - a +0 cloak (worn)
 p - a +0 helmet (worn)
Jewellery
 k - a cursed amulet of inaccuracy (around neck)
 o - a cursed amulet of rage {unknown}
Wands
 g - a wand of iceblast (7/15)
Scrolls
 r - a scroll of fog {unknown}
 t - a scroll of remove curse {unknown}
Potions
 h - 2 potions of brilliance {unknown}
 i - 2 potions of degeneration {unknown}
 l - a potion of lignification {unknown}
 m - a potion of heal wounds {unknown}
 n - 2 potions of ambrosia {unknown}
 q - a potion of cancellation {unknown}
 s - 3 potions of blood


   Skills:
 + Level 2.2 Fighting
 + Level 3.8 Short Blades
 + Level 2.6 Throwing
 + Level 2.1 Dodging
 + Level 8.1 Stealth


You had 4 spell levels left.
You didn't know any spells.

Dungeon Overview and Level Annotations

Branches:
Dungeon (3/15)

Altars:
Cheibriados
Hepliaklqana
Vehumet

Annotations:
D:3 sveltemanboy's ghost, amateur VSGl


Innate Abilities, Weirdness & Mutations

You do not heal naturally.
You are immune to poison.
You have razor-sharp teeth.
You have supernaturally acute eyesight. (SInv)
You can survive without breathing.
You have sharp fingernails.


Message History

The orc barely misses you. The orc wizard closely misses you.
You're too confused to move!
The orc hits you with a hand axe.
* * * LOW HITPOINT WARNING * * *
The orc hits you but does no damage.
The orc wizard hits you but does no damage.
The hobgoblin hits you but does no damage.
The orc hits you with a hand axe.
* * * LOW HITPOINT WARNING * * *
The hobgoblin hits you with a club.
* * * LOW HITPOINT WARNING * * *
You hit the orc wizard. You freeze the orc wizard.
The orc wizard is heavily wounded.
The orc barely misses you. The orc hits you but does no damage.
The orc wizard misses you. The orc closely misses you.
You miss the orc wizard.
The orc wizard is heavily wounded.
The hobgoblin closely misses you. The orc hits you with a hand axe.
You die...

.#.#...#.###......# ###.##
.#.#...#.###.#...## #...#
.#...........##.## #.###
.........######.# #.#
####.##### #.# #.# #.# ##'##
#.# ###.# ##...## #># ##..†##
##.....## ##.# #....)##
##....@..## ##..#
#......####....goo..####...##
..........'....o....'.......#
##.....####.........####...##
##.#...# ##.......## ##..#
#.###.# ##.....## ##<# #.#
#.# ##...## ##.## #.###.###
##'## #...## #.#.._..### #.#
#.#..#


You could see an orc wizard, 2 orcs and a hobgoblin.

Vanquished Creatures
  2 orc priests (D:3)
  Natasha (twice) (D:3)
  3 adders (D:2)
  An ooze (D:1)
  4 worms
  6 orcs (D:3)
  A giant cockroach (D:2)
  10 hobgoblins
  2 jackals (D:3)
  5 kobolds
  6 quokkas
  5 ball pythons
  5 bats
  4 frilled lizards
  7 goblins
  6 rats
69 creatures vanquished.

Vanquished Creatures (others)
  Natasha (D:3)
1 creature vanquished.

Grand Total: 70 creatures vanquished

Notes
Turn   | Place    | Note
-------+----------+-------------------------------------------
     0 | D:1      | Kosschaser the Vampire Assassin began the quest for the Orb.
     0 | D:1      | Reached XP level 1. HP: 16/16 MP: 1/1
   213 | D:1      | Reached skill level 6 in Stealth
   446 | D:1      | Gained mutation: You have sharp fingernails. [potion of beneficial mutation]
   575 | D:1      | Reached XP level 2. HP: 22/22 MP: 2/2
  1531 | D:2      | Reached XP level 3. HP: 26/27 MP: 3/3
  2233 | D:2      | Reached skill level 7 in Stealth
  3003 | D:2      | Reached XP level 4. HP: 18/33 MP: 4/4
  3076 | D:2      | Found a radiant altar of Vehumet.
  3600 | D:2      | Found a hazy altar of Hepliaklqana.
  3653 | D:3      | Found a snail-covered altar of Cheibriados.
  4461 | D:3      | Noticed Natasha
  4477 | D:3      | Killed Natasha
  4477 | D:3      | Reached skill level 8 in Stealth
  4477 | D:3      | Reached XP level 5. HP: 16/38 MP: 5/5
  5048 | D:3      | Noticed Natasha
  5067 | D:3      | Killed Natasha
  5480 | D:3      | Noticed Natasha
  5492 | D:3      | Killed Natasha
  5927 | D:3      | Noticed sveltemanboy's ghost (amateur VSGl)
  5960 | D:2      | Slain by an orc

Skill      XL: |  1  2  3  4  5 |
---------------+----------------+-----
Stealth        | 6 7 8 |  8.1
Throwing       | 2 |  2.6
Fighting       | 2 |  2.2
Short Blades   | 3 |  3.8
Dodging        | 2 |  2.1

Action                   |  1- 3 |  4- 6 || total
-------------------------+-------+-------++-------
Melee: Dagger            |   115 |   134 ||   249
       Bite              |     9 |     8 ||    17
 Fire: Blowgun           |     9 |    23 ||    32
  Use: Scroll            |     3 |     1 ||     4
       Potion            |     2 |     5 ||     7
 Stab: Sleeping          |    13 |     8 ||    21
Armor: Robe              |    18 |    22 ||    40
Dodge: Dodged            |    52 |    72 ||   124
